[ AOE2 MATCH · #504489565 ]
UnrankedTupi vs Huns
Player's team · LOSS
Rival team · WIN
[ REPLAY ANALYSIS · EXTRACTED FROM THE RECORDED GAME ]
Feudal
11:48
Castle
17:13
Imperial
—
| APM avg | 40.0 |
| APM peak | 75 |
| eAPM avg | 20.0 |
| Villagers / military | 108 / 4 |
Focus
⚔️ 35.4% · 🌾 64.6%
Unknown (2579) ×50 · Mangonel ×3 · Unknown (2550) ×3 · Spearman ×1
Feudal
8:51
Castle
20:22
Imperial
38:50
| APM avg | 65.5 |
| APM peak | 100 |
| eAPM avg | 26.6 |
| Villagers / military | 125 / 133 |
Focus
⚔️ 53.7% · 🌾 46.3%
Skirmisher ×64 · Archer ×53 · Battering Ram ×10 · Scout Cavalry ×4 · Mangonel ×2
Match map
Initial resources + every placement click. Lines = walls · curves = elevation contours. ◆ gold · ⬟ stone · ● berries · ✦ relic · ◌ wall gap
Your base· Open — 3t gap
Macluffy's base· ✓ Closed at 20:22 · 68t walls · 1 gate(s)
Smoothed initial terrain · ◌ = detected wall gap · hover for details
Inputs per minute
— _DY_孟川 - - Macluffy
Build order — _DY_孟川
First 150 of 254 actions detected
| 0:01 | Create | Villager (Male) |
| 0:03 | Build | House |
| 0:04 | Build | House |
| 0:07 | Create | Villager (Male) |
| 0:10 | Create | Villager (Male) |
| 0:10 | Create | Villager (Male) |
| 0:24 | Build | Barracks |
| 1:18 | Research | Loom |
| 1:20 | Create | Unit 2550 |
| 1:52 | Create | Villager (Male) |
| 1:52 | Create | Villager (Male) |
| 2:12 | Create | Unit 2550 |
| 2:32 | Create | Villager (Male) |
| 2:53 | Create | Villager (Male) |
| 3:13 | Create | Villager (Male) |
| 3:44 | Create | Villager (Male) |
| 3:50 | Build | House |
| 4:04 | Create | Villager (Male) |
| 4:26 | Create | Villager (Male) |
| 4:26 | Create | Villager (Male) |
| 4:41 | Build | House |
| 4:53 | Create | Villager (Male) |
| 4:53 | Create | Villager (Male) |
| 4:53 | Create | Villager (Male) |
| 5:57 | Create | Villager (Male) |
| 5:58 | Create | Villager (Male) |
| 5:58 | Create | Villager (Male) |
| 5:58 | Create | Villager (Male) |
| 6:09 | Build | Settlement |
| 6:31 | Create | Villager (Male) |
| 7:57 | Create | Villager (Male) |
| 8:23 | Create | Villager (Male) |
| 8:28 | Create | Villager (Male) |
| 8:56 | Build | Palisade Wall |
| 8:58 | Build | Palisade Wall |
| 9:01 | Build | Palisade Wall |
| 9:02 | Build | Palisade Wall |
| 9:02 | Build | Palisade Wall |
| 9:08 | Build | Settlement |
| 9:11 | Create | Villager (Male) |
| 9:23 | Build | Farm |
| 9:38 | Research | Feudal Age |
| 9:49 | Build | Farm |
| 10:06 | Build | House |
| 10:06 | Build | Palisade Wall |
| 10:33 | Build | Palisade Wall |
| 10:37 | Build | Palisade Wall |
| 10:38 | Build | Palisade Wall |
| 10:39 | Build | Palisade Wall |
| 11:06 | Build | Farm |
| 11:11 | Build | Farm |
| 11:48 | Age | Feudal Age |
| 11:52 | Create | Spearman |
| 11:55 | Create | Villager (Male) |
| 12:43 | Create | Villager (Male) |
| 12:47 | Build | Market |
| 12:57 | Create | Villager (Male) |
| 13:13 | Build | Blacksmith |
| 13:45 | Build | House |
| 13:49 | Build | House |
| 13:54 | Build | House |
| 14:33 | Research | Castle Age |
| 14:39 | Build | House |
| 15:07 | Build | Palisade Wall |
| 15:10 | Build | House |
| 15:23 | Research | Double-Bit Axe |
| 15:24 | Research | Double-Bit Axe |
| 16:08 | Build | Farm |
| 16:09 | Build | Farm |
| 16:12 | Build | Farm |
| 16:18 | Build | House |
| 16:20 | Build | Stone Wall |
| 16:54 | Build | House |
| 16:56 | Build | Stone Wall |
| 16:57 | Build | Stone Wall |
| 16:59 | Build | Stone Wall |
| 17:13 | Age | Castle Age |
| 17:16 | Create | Villager (Male) |
| 17:17 | Create | Villager (Male) |
| 17:17 | Create | Villager (Male) |
| 17:29 | Create | Villager (Male) |
| 17:29 | Create | Villager (Male) |
| 17:35 | Build | Stone Wall |
| 17:36 | Build | Stone Wall |
| 17:37 | Build | Stone Wall |
| 17:44 | Create | Villager (Male) |
| 17:44 | Create | Villager (Male) |
| 18:07 | Create | Villager (Male) |
| 18:14 | Build | Castle |
| 18:36 | Build | Farm |
| 18:37 | Build | Farm |
| 18:56 | Build | Farm |
| 18:57 | Create | Villager (Male) |
| 18:59 | Build | Farm |
| 19:13 | Create | Villager (Male) |
| 19:36 | Create | Unit 2579 |
| 19:37 | Create | Unit 2579 |
| 19:37 | Create | Unit 2579 |
| 19:43 | Build | Settlement |
| 19:44 | Create | Villager (Male) |
| 20:04 | Build | Farm |
| 20:14 | Research | Fletching |
| 20:29 | Create | Unit 2579 |
| 20:29 | Create | Unit 2579 |
| 20:31 | Create | Villager (Male) |
| 20:37 | Create | Villager (Male) |
| 21:06 | Build | Farm |
| 21:07 | Build | Farm |
| 21:09 | Create | Villager (Male) |
| 21:13 | Create | Villager (Male) |
| 21:24 | Build | House |
| 21:48 | Research | Bodkin Arrow |
| 21:50 | Create | Unit 2579 |
| 21:50 | Create | Unit 2579 |
| 21:53 | Create | Villager (Male) |
| 21:53 | Create | Villager (Male) |
| 22:06 | Create | Villager (Male) |
| 22:17 | Create | Unit 2579 |
| 22:19 | Create | Villager (Male) |
| 22:34 | Create | Villager (Male) |
| 22:34 | Create | Villager (Male) |
| 22:38 | Build | Settlement |
| 22:56 | Create | Unit 2579 |
| 22:58 | Create | Villager (Male) |
| 22:58 | Create | Villager (Male) |
| 23:18 | Create | Villager (Male) |
| 23:18 | Create | Villager (Male) |
| 23:28 | Build | Settlement |
| 23:32 | Create | Unit 2579 |
| 23:36 | Create | Villager (Male) |
| 23:36 | Create | Villager (Male) |
| 23:41 | Create | Unit 2579 |
| 23:48 | Create | Villager (Male) |
| 24:03 | Create | Villager (Male) |
| 24:11 | Build | Stone Wall |
| 24:13 | Create | Villager (Male) |
| 24:29 | Research | Padded Archer Armor |
| 24:31 | Research | Horse Collar |
| 24:31 | Research | Horse Collar |
| 24:38 | Create | Villager (Male) |
| 24:38 | Create | Villager (Male) |
| 24:40 | Build | University |
| 24:52 | Create | Villager (Male) |
| 24:58 | Create | Unit 2579 |
| 24:58 | Create | Unit 2579 |
| 25:06 | Create | Villager (Male) |
| 25:06 | Create | Villager (Male) |
| 25:17 | Create | Villager (Male) |
| 25:17 | Create | Villager (Male) |
| 26:42 | Research | Ballistics |
Build order — Macluffy
First 150 of 390 actions detected
| 0:01 | Create | Villager (Male) |
| 0:05 | Create | Villager (Male) |
| 0:12 | Create | Villager (Male) |
| 0:16 | Create | Villager (Male) |
| 1:18 | Create | Villager (Male) |
| 1:49 | Build | Lumber Camp |
| 1:50 | Create | Villager (Male) |
| 2:05 | Create | Villager (Male) |
| 2:34 | Create | Villager (Male) |
| 2:53 | Create | Villager (Male) |
| 3:26 | Create | Villager (Male) |
| 3:44 | Create | Villager (Male) |
| 4:11 | Create | Villager (Male) |
| 4:44 | Build | Mill |
| 4:52 | Create | Villager (Male) |
| 5:09 | Create | Villager (Male) |
| 5:10 | Build | Palisade Wall |
| 5:12 | Build | Palisade Wall |
| 5:13 | Build | Palisade Wall |
| 5:14 | Build | Palisade Wall |
| 5:28 | Research | Loom |
| 5:34 | Build | Palisade Wall |
| 5:41 | Build | Palisade Wall |
| 6:09 | Create | Villager (Male) |
| 6:37 | Research | Feudal Age |
| 6:54 | Build | Palisade Wall |
| 6:58 | Build | Palisade Wall |
| 7:01 | Build | Palisade Gate |
| 7:17 | Create | Villager (Male) |
| 7:22 | Create | Villager (Male) |
| 7:35 | Create | Villager (Male) |
| 8:20 | Build | Barracks |
| 8:27 | Create | Villager (Male) |
| 8:51 | Age | Feudal Age |
| 9:07 | Build | Stable |
| 9:30 | Build | Palisade Wall |
| 9:34 | Create | Villager (Male) |
| 9:38 | Research | Double-Bit Axe |
| 9:38 | Research | Double-Bit Axe |
| 9:49 | Create | Scout Cavalry |
| 9:49 | Create | Scout Cavalry |
| 9:56 | Create | Villager (Male) |
| 10:06 | Create | Villager (Male) |
| 10:23 | Build | Archery Range |
| 10:29 | Create | Scout Cavalry |
| 10:33 | Create | Villager (Male) |
| 10:55 | Create | Villager (Male) |
| 11:04 | Build | Mining Camp |
| 11:12 | Build | Farm |
| 11:24 | Create | Archer |
| 11:26 | Create | Scout Cavalry |
| 11:42 | Create | Villager (Male) |
| 11:44 | Build | Farm |
| 12:08 | Create | Villager (Male) |
| 12:18 | Create | Archer |
| 12:42 | Create | Archer |
| 12:45 | Build | Farm |
| 12:46 | Build | Farm |
| 12:47 | Build | Farm |
| 12:58 | Create | Villager (Male) |
| 13:02 | Build | Blacksmith |
| 13:07 | Create | Villager (Male) |
| 13:10 | Create | Villager (Male) |
| 13:18 | Create | Archer |
| 13:20 | Build | Farm |
| 13:46 | Build | Farm |
| 13:48 | Build | Farm |
| 13:50 | Build | Farm |
| 13:56 | Research | Fletching |
| 13:58 | Build | Palisade Wall |
| 14:12 | Create | Archer |
| 14:13 | Create | Villager (Male) |
| 14:25 | Create | Villager (Male) |
| 14:28 | Create | Villager (Male) |
| 14:37 | Build | Farm |
| 14:39 | Build | Farm |
| 14:39 | Create | Villager (Male) |
| 14:48 | Create | Villager (Male) |
| 14:55 | Build | Palisade Wall |
| 14:59 | Create | Archer |
| 15:05 | Build | Palisade Wall |
| 15:34 | Build | Market |
| 15:35 | Create | Archer |
| 15:45 | Create | Villager (Male) |
| 15:52 | Create | Archer |
| 16:06 | Build | Palisade Wall |
| 16:18 | Build | Lumber Camp |
| 17:03 | Create | Villager (Male) |
| 17:10 | Build | Palisade Wall |
| 17:42 | Research | Castle Age |
| 17:43 | Build | Farm |
| 18:07 | Create | Archer |
| 18:29 | Create | Archer |
| 18:38 | Build | Archery Range |
| 18:46 | Create | Archer |
| 18:47 | Create | Villager (Male) |
| 18:58 | Build | Palisade Wall |
| 18:59 | Create | Archer |
| 19:08 | Create | Archer |
| 19:20 | Research | Horse Collar |
| 19:24 | Build | Lumber Camp |
| 19:25 | Build | Farm |
| 19:38 | Create | Archer |
| 19:41 | Build | Palisade Wall |
| 19:47 | Create | Archer |
| 19:55 | Create | Archer |
| 19:56 | Create | Archer |
| 20:00 | Research | Padded Archer Armor |
| 20:06 | Create | Archer |
| 20:11 | Research | Gold Mining |
| 20:22 | Age | Castle Age |
| 20:26 | Research | Crossbowman (upgrade) |
| 20:26 | Research | Bodkin Arrow |
| 20:29 | Build | University |
| 20:38 | Research | Bodkin Arrow |
| 20:42 | Create | Villager (Male) |
| 21:22 | Create | Archer |
| 21:23 | Create | Villager (Male) |
| 21:38 | Research | Ballistics |
| 21:39 | Create | Villager (Male) |
| 21:48 | Create | Archer |
| 21:48 | Create | Villager (Male) |
| 21:58 | Build | Palisade Gate |
| 22:05 | Research | Gold Shaft Mining |
| 22:08 | Research | Bow Saw |
| 22:10 | Create | Villager (Male) |
| 22:11 | Build | Farm |
| 22:17 | Create | Villager (Male) |
| 22:30 | Create | Villager (Male) |
| 22:39 | Create | Archer |
| 22:57 | Create | Villager (Male) |
| 23:13 | Create | Villager (Male) |
| 23:15 | Build | Siege Workshop |
| 23:19 | Create | Villager (Male) |
| 23:27 | Research | Wheelbarrow |
| 23:30 | Create | Archer |
| 23:30 | Create | Villager (Male) |
| 23:48 | Create | Archer |
| 23:52 | Create | Archer |
| 23:52 | Create | Archer |
| 23:54 | Create | Villager (Male) |
| 23:58 | Create | Mangonel |
| 24:08 | Build | Farm |
| 24:31 | Build | Town Center |
| 24:33 | Build | Palisade Wall |
| 24:49 | Create | Villager (Male) |
| 24:52 | Create | Archer |
| 24:53 | Create | Archer |
| 24:53 | Create | Villager (Male) |
| 24:57 | Create | Villager (Male) |
Match timeline
| 0:24 | _DY_孟川 · first_building Barracks |
| 5:10 | Macluffy · wall_segment Palisade Wall x1 |
| 5:12 | Macluffy · wall_segment Palisade Wall x1 |
| 5:13 | Macluffy · wall_segment Palisade Wall x1 |
| 5:14 | Macluffy · wall_segment Palisade Wall x1 |
| 5:34 | Macluffy · wall_segment Palisade Wall x1 |
| 5:41 | Macluffy · wall_segment Palisade Wall x1 |
| 6:54 | Macluffy · wall_segment Palisade Wall x2 |
| 6:58 | Macluffy · wall_segment Palisade Wall x1 |
| 8:20 | Macluffy · first_building Barracks |
| 8:51 | Macluffy · age_up feudal |
| 8:56 | _DY_孟川 · wall_segment Palisade Wall x4 |
| 8:58 | _DY_孟川 · wall_segment Palisade Wall x5 |
| 9:01 | _DY_孟川 · wall_segment Palisade Wall x6 |
| 9:02 | _DY_孟川 · wall_segment Palisade Wall x1 |
| 9:02 | _DY_孟川 · wall_segment Palisade Wall x1 |
| 9:07 | Macluffy · first_building Stable |
| 9:30 | Macluffy · wall_segment Palisade Wall x3 |
| 10:06 | _DY_孟川 · wall_segment Palisade Wall x1 |
| 10:23 | Macluffy · first_building Archery Range |
| 10:33 | _DY_孟川 · wall_segment Palisade Wall x1 |
| 10:37 | _DY_孟川 · wall_segment Palisade Wall x1 |
| 10:38 | _DY_孟川 · wall_segment Palisade Wall x1 |
| 10:39 | _DY_孟川 · wall_segment Palisade Wall x1 |
| 11:48 | _DY_孟川 · age_up feudal |
| 13:35 | _DY_孟川 · first_market_sell 500 stone |
| 13:38 | _DY_孟川 · first_market_buy 100 food |
| 13:58 | Macluffy · wall_segment Palisade Wall x7 |
| 14:55 | Macluffy · wall_segment Palisade Wall x13 |
| 15:05 | Macluffy · wall_segment Palisade Wall x27 |
| 15:07 | _DY_孟川 · wall_segment Palisade Wall x1 |
| 16:06 | Macluffy · wall_segment Palisade Wall x10 |
| 16:20 | _DY_孟川 · wall_segment Stone Wall x1 |
| 16:41 | Macluffy · first_market_sell 100 stone |
| 16:42 | Macluffy · first_market_buy 100 food |
| 16:56 | _DY_孟川 · wall_segment Stone Wall x1 |
| 16:57 | _DY_孟川 · wall_segment Stone Wall x1 |
| 16:59 | _DY_孟川 · wall_segment Stone Wall x1 |
| 17:10 | Macluffy · wall_segment Palisade Wall x12 |
| 17:13 | _DY_孟川 · age_up castle |
| 17:35 | _DY_孟川 · wall_segment Stone Wall x1 |
| 17:36 | _DY_孟川 · wall_segment Stone Wall x1 |
| 17:37 | _DY_孟川 · wall_segment Stone Wall x1 |
| 18:14 | _DY_孟川 · first_building Castle |
| 18:58 | Macluffy · wall_segment Palisade Wall x8 |
| 19:41 | Macluffy · wall_segment Palisade Wall x3 |
| 20:22 | Macluffy · age_up castle |
| 23:15 | Macluffy · first_building Siege Workshop |
| 24:11 | _DY_孟川 · wall_segment Stone Wall x1 |
| 24:33 | Macluffy · wall_segment Palisade Wall x1 |
| 29:20 | _DY_孟川 · first_building Siege Workshop |
| 37:02 | Macluffy · first_building Castle |
| 37:26 | _DY_孟川 · wall_segment Stone Wall x1 |
| 38:50 | Macluffy · age_up imperial |
| 38:56 | _DY_孟川 · resign |
[ AI ANALYSIS · 1 CREDIT ]
What really happened in this match?
Wolo.gg analyzes every decision: build order, eco, micro, common mistakes by bracket. Personalized analysis on WhatsApp or Discord in 30 seconds.
Civ guide
Tupi
Perfil
Jugador #1821855